 Dungeon Crawl Stone Soup version 0.27-a0-1193-g8631133539 (webtiles) character file.

Game seed: 544597595359409063

59 tsouns the Stinger (level 4, 0/27 HPs)
             Began as an Octopode Venom Mage on May 26, 2021.
             Was a Follower of Okawaru.
             Succumbed to an adder's poison
             ... on level 3 of the Dungeon.
             The game lasted 00:03:02 (1299 turns).

tsouns the Stinger (Octopode Venom Mage)            Turns: 1299, Time: 00:03:03

Health: 0/27       AC:  1    Str:  9    XL:     4   Next: 3%
Magic:  1/8        EV: 13    Int: 20    God:    Okawaru [*.....]
Gold:   66         SH:  0    Dex: 12    Spells: 2/8 levels left

rFire    . . .     SeeInvis .   d - +0 spear
rCold    . . .     Faith    .   (no shield)
rNeg     . . .     Spirit   .   (helmet restricted)
rPois    .         Reflect  .   (no amulet)
rElec    .         Harm     .   (no ring)
rCorr    .         Rampage  .   (no ring)
Will     .....                  (no ring)
Stlth    +++.......             (no ring)
HPRegen  0.09/turn              (no ring)
MPRegen  0.11/turn              (no ring)
                                (no ring)
                                (no ring)

@: lethally poisoned (0 -> -2)
A: almost no armour, amphibious, 8 rings, camouflage 1, gelatinous body 1,
(nimble swimmer 1), tentacles, clever 1, screaming 1, strong 1
a: Renounce Religion, Heroism


You were on level 3 of the Dungeon.
You worshipped Okawaru.
Okawaru was aware of your devotion.
You visited 1 branch of the dungeon, and saw 3 of its levels.

You collected 66 gold pieces.

Inventory:

Hand Weapons
 b - a +0 short sword
 d - a +0 spear (weapon)
Missiles
 e - 13 poisoned darts
Scrolls
 a - a scroll of noise {unknown}
 f - a scroll of fog {unknown}


   Skills:
 - Level 2.0 Dodging
 - Level 2.6 Stealth
 + Level 2.7 Spellcasting
 + Level 2.2 Transmutations
 + Level 4.4 Poison Magic


You had 2 spell levels left.
You knew the following spells:

 Your Spells              Type           Power      Damage    Failure   Level
a - Sting                 Tmut/Pois      64%        1d6       3%          1
b - Poisonous Vapours     Pois/Air       22%        N/A       9%          2
c - Ignite Poison         Fire/Tmut/Pois 11%        N/A       17%         3

Your spell library contained the following spells:

 Spells                   Type           Power      Damage    Failure   Level
 Mephitic Cloud           Conj/Pois/Air  8%         N/A       24%         3
 Olgreb's Toxic Radiance  Pois           20%        N/A       24%         4


Dungeon Overview and Level Annotations

Branches:
Dungeon (2/15)

Altars:
Okawaru

Shops:
D:1 :

Portals:
Sewer: D:3


Innate Abilities, Weirdness & Mutations

You cannot wear most types of armour.
You are amphibious.
You can wear up to eight rings at the same time.
Your skin changes colour to match your surroundings (Stealth+).
Your rubbery body absorbs attacks. (AC +1, EV +1)
((You are camouflaged near water. (Stealth+)))
You have tentacles for arms and can constrict up to eight enemies at once.
Your mind is acute. (Int +2)
You occasionally shout uncontrollably at your foes.
Your muscles are strong. (Str +2)


Message History

Press: ? - help, Shift-Dir - straight line, f - adder, p - giant cockroach
Aim: an adder (heavily wounded, poisoned, 53% to hit)
The sting hits the adder.
The adder looks even sicker.
The adder is severely wounded.
You feel sick. The adder bites you.
You are lethally poisoned!
The adder poisons you!
* * * LOW HITPOINT WARNING * * *
You feel very sick.
Casting: Sting (safe; 4% risk of failure)
Confirm with . or Enter, or press ? or * to list all spells.
Aiming: Sting (safe; 4% risk of failure)
Press: ? - help, Shift-Dir - straight line, f/p - adder
Aim: an adder (almost dead, very poisoned, 53% to hit)
The sting hits the adder.
The adder looks even sicker.
You kill the adder!
Okawaru accepts your kill.
* * * LOW HITPOINT WARNING * * *
You feel sick.
You have reached level 4!
It was a potion of mutation.
You feel extremely strange.
You feel clever.
You feel the urge to shout.
You feel stronger.
* * * LOW HITPOINT WARNING * * *
You feel sick.
Casting: Sting (safe; 3% risk of failure)
Confirm with . or Enter, or press ? or * to list all spells.
Aiming: Sting (safe; 3% risk of failure)
Press: ? - help, Shift-Dir - straight line, f - giant cockroach
Aim: a giant cockroach (74% to hit)
The sting hits the giant cockroach!
The giant cockroach is poisoned.
You kill the giant cockroach!
Okawaru accepts your kill.
* * * LOW HITPOINT WARNING * * *
You feel sick.
* * * LOW HITPOINT WARNING * * *
You feel sick.
There is a lethal amount of poison in your body!
* * * LOW HITPOINT WARNING * * *
You feel sick.
You die...

##..(####.......#
##.....##..#####.#
##.......#..#≈≈≈#.#
#...........#≈≈≈#!#
+.........+.#≈∩≈#.#
#.........#.#≈≈≈#.#
#.......##.#≈†≈#.#
##.....###.##'##.#
##...## #.@†....#
##+# ####.##.# ...
# ###.# #


There were no monsters in sight!

Vanquished Creatures
  A gnoll (D:1)
  An adder (D:3)
  A dart slug (D:1)
  A ball python (D:1)
  A bat (D:2)
  3 endoplasms
  4 giant cockroaches
  6 hobgoblins
  4 kobolds
  2 quokkas (D:1)
  2 frilled lizards
  4 goblins
  4 rats (D:1)
34 creatures vanquished.

Notes
Turn   | Place    | Note
-------+----------+-------------------------------------------
     0 | D:1      | tsouns the Octopode Venom Mage began the quest for the Orb.
     0 | D:1      | Reached XP level 1. HP: 11/11 MP: 3/3
   224 | D:1      | Reached XP level 2. HP: 17/17 MP: 1/5
   380 | D:1      | Reached skill level 4 in Poison Magic
   506 | D:1      | Reached XP level 3. HP: 19/21 MP: 3/6
   734 | D:1      | Found Juarch's Book Boutique.
   907 | D:1      | Found a faded altar of an unknown god.
   919 | D:1      | Became a worshipper of Warmaster Okawaru
   919 | D:1      | Reached * piety under Okawaru
  1194 | D:2      | Learned a level 2 spell: Poisonous Vapours
  1198 | D:2      | Learned a level 3 spell: Ignite Poison
  1277 | D:2      | You fall into a shaft and drop 1 floor!
  1280 | D:3      | Found a glowing drain.
  1295 | D:3      | Reached XP level 4. HP: 5/27 MP: 1/8
  1295 | D:3      | Gained mutation: Your mind is acute. (Int +2) [potion of
                  | mutation]
  1295 | D:3      | Gained mutation: You occasionally shout uncontrollably at
                  | your foes. [potion of mutation]
  1295 | D:3      | Gained mutation: Your muscles are strong. (Str +2) [potion
                  | of mutation]
  1298 | D:3      | HP: 1/27 [poisoned by an adder]
  1299 | D:3      | Succumbed to an adder's poison

Illustrated notes

Levels and vault maps discovered:
D:1:      lemuel_arrival_broad_hall, layout_loops_ring,
          ebering_ecumenical_altar_hall, serial_shops, shop,
          corexii_hall_statues_x, minmay_misc_feat_roman
D:2:      layout_basic, serial_shops, shop_coins
D:3:      layout_loops_corners, gup_sewer_entry_glass, minivault_23,
          grunt_decor_clamped

Skill      XL: |  1  2  3 |
---------------+----------+-----
Poison Magic   | 4 |  4.4
Transmutations | 2 |  2.2
Dodging        | |  2.0
Stealth        | |  2.6
Spellcasting   | |  2.7

Action                   |  1- 3 |  4- 6 || total
-------------------------+-------+-------++-------
Melee: Short sword       |     2 |       ||     2
       Spear             |    18 |       ||    18
       Constrict         |     5 |       ||     5
       Tentacles         |     1 |       ||     1
 Cast: Sting             |    45 |     1 ||    46
       Poisonous Vapours |     2 |       ||     2
  Use: Potion            |       |     1 ||     1
Armor: Skin              |     1 |       ||     1
Dodge: Dodged            |    16 |       ||    16

Table legend: (Time is in decaauts)
 A = Elapsed time spent in this place.
 B = Non-inter-level travel time spent in this place.
 C = Inter-level travel time spent in this place.
 D = Time resting spent in this place.
 E = Time spent auto-exploring this place.
 F = Levels seen in this place.
 G = Mean time per level.
                   A        B        C        D        E       F      G
               +--------+--------+--------+--------+--------+-----+--------+
         Total |   1299 |   1249 |     50 |      0 |   1009 |   3 |  433.0 |
       Dungeon |   1299 |   1249 |     50 |      0 |   1009 |   3 |  433.0 |
               +--------+--------+--------+--------+--------+-----+--------+

Top non-repeatable levels by time:
     D:1: 1070 daAuts
     D:2: 207 daAuts
     D:3: 21 daAuts
